 Dungeon Crawl Stone Soup version 0.25-a0-566-g062765be81 (webtiles) character file.

Game seed: 4845189477425423324, levelgen mode: classic

90073 EnegeticOcto the Champion of Chaos (level 15, -10/146 HPs)
             Began as a Deep Dwarf Fighter on Feb 28, 2020.
             Was the Champion of Makhleb.
             Mangled by Donald
             ... wielding a +4 vampiric broad axe
              (28 damage)
             ... on level 1 of the Swamp.
             The game lasted 00:16:06 (17713 turns).

EnegeticOcto the Champion of Chaos (DDFi)          Turns: 17713, Time: 00:16:06

Health: -10/146    AC: 29    Str: 31    XL:     15   Next: 51%
Magic:  10/10      EV: 13    Int: 13    God:    Makhleb [******]
Gold:   2249       SH: 13    Dex: 12    Spells: 14/14 levels left

rFire    . . .     SeeInvis .   a - +4 broad axe (flame)
rCold    . . .     Gourm    .   c - +0 kite shield
rNeg     + . .     Faith    .   K - +7 chain mail of Wariness {MR+}
rPois    +         Spirit   .   E - +2 hat {Int+3}
rElec    .         Reflect  .   z - +2 cloak
rCorr    .         Harm     .   B - +0 pair of gloves
MR       +++..                  o - +2 pair of boots
Stlth    ..........             (no amulet)
HPRegen  0.00/turn              d - ring of poison resistance
MPRegen  0.12/turn              H - ring "Nurem" {*Drain Str+6 Stlth-}

@: non-regenerating
A: damage resistance, heal wounds, negative energy resistance 1, sense
surroundings 2, no regeneration
a: Heal Wounds, Minor Destruction, Lesser Servant of Makhleb, Major Destruction,
Greater Servant of Makhleb, Renounce Religion


You were on level 1 of the Swamp.
You worshipped Makhleb.
Makhleb was exalted by your worship.
You were hungry.

You visited 5 branches of the dungeon, and saw 24 of its levels.
You also visited: Sewer and Gauntlet.

You collected 3183 gold pieces.
You spent 934 gold pieces at shops.

Inventory:

Hand Weapons
 a - a +4 broad axe of flaming (weapon)
Armour
 c - a +0 kite shield (worn)
 o - a +2 pair of boots (worn)
 z - a +2 cloak (worn)
 B - a +0 pair of gloves (worn)
 E - a +2 hat of intelligence (worn)
 K - the +7 chain mail of Wariness (worn) {MR+}
   (You took it off a minotaur in a Gauntlet)

   It affects your resistance to hostile enchantments.
   If you remove this armour, your AC will decrease by 19 (29 -> 10).
Jewellery
 d - a ring of poison resistance (left hand)
 i - an uncursed ring of see invisible
 l - the ring "Naeluaca" {+Blink rC+ Stlth+}
   (You found it in a Gauntlet)

   [ring of stealth]

   It protects you from cold.
   It lets you blink.
   It makes you more stealthy.
 H - the ring "Nurem" (right hand) {*Drain Str+6 Stlth-}
   (You found it in a Gauntlet)

   [ring of attention]

   It affects your strength (+6).
   It causes draining when unequipped.
   It makes you less stealthy.
 I - a +4 ring of protection
Wands
 b - a wand of flame (32)
 p - a wand of digging (7) {@v2}
 v - a wand of paralysis (17)
 x - a wand of iceblast (16)
 D - a wand of scattershot (5)
 O - a wand of polymorph (9)
Scrolls
 g - 3 scrolls of blinking {@r3}
 r - 8 scrolls of remove curse {@r6}
 s - 4 scrolls of magic mapping {@r5}
 t - 4 scrolls of fear
 u - 6 scrolls of teleportation {@r2}
 y - 3 scrolls of immolation {@r4}
 A - 5 scrolls of fog
 L - a scroll of holy word
 M - a scroll of summoning
 P - a scroll of enchant armour
 R - a scroll of brand weapon
Potions
 f - 3 potions of lignification {@q7}
 h - 10 potions of curing {@q1}
 j - 5 potions of stabbing {@q5}
 k - 5 potions of might {@q3}
 m - 2 potions of resistance {@q6}
 n - 7 potions of haste {@q4}
 q - 3 potions of heal wounds {@q2}
 w - 2 potions of berserk rage
 J - a potion of invisibility
 N - a potion of ambrosia
 Q - a potion of mutation
Miscellaneous
 C - a lamp of fire
Comestibles
 e - 49 rations


   Skills:
 * Level 12.5 Fighting
 * Level 14.3 Axes
 + Level 11.0 Armour
 + Level 10.4 Dodging
 + Level 11.0 Shields
 * Level 16.1 Invocations


You had 14 spell levels left.
You didn't know any spells.
Your spell library was empty.

Dungeon Overview and Level Annotations

Branches:
Dungeon (15/15)            Temple (1/1) D:4            Lair (5/6) D:9
  Swamp (1/4) Lair:4       Spider (0/4) Lair:4          Orc (2/2) D:12
    Elf (0/3) Orc:2        Vaults (0/5) D:14         Depths (0/5) D:15
  Sewer (visited)         Gauntlet (visited)
  Slime: Lair:5-6

Altars:
Ashenzari
Cheibriados
Elyvilon
Fedhas
Gozag
Hepliaklqana
Kikubaaqudgha
Makhleb
Nemelex Xobeh
Okawaru
Qazlal
Ru
Sif Muna
Trog
Uskayaw
Vehumet
Wu Jian
Xom
Yredelemnul
Zin
The Shining One
Beogh

Shops:
D:15 *   Orc:2 ([}?

Portals:
Trove: D:13 (show abyssal rune of Zot)

Annotations:
D:6 Prince Ribbit
D:10 1 exclusion
Swamp:1 Donald


Innate Abilities, Weirdness & Mutations

You are resistant to damage.
You can heal yourself by infusing magical energy.
You resist negative energy. (rN+)
You passively map the area around you.
You do not regenerate.


Message History

Donald draws strength from your wounds! The bog body misses you.
You block the bog body's attack.
You slash the bog body! You burn the bog body.
The bog body is almost destroyed.
You barely miss Donald.
Donald hits you with a +4 vampiric broad axe!!
You block the bog body's attack. The bog body barely misses you.
Donald hits you with a +4 vampiric broad axe!
Donald draws strength from your wounds!
You barely miss the bog body.
The bog body is almost destroyed.
Donald blocks your attack.
You hit the bog body.
You destroy the bog body!
Makhleb accepts your kill.
You feel better.
You hit Donald but do no damage.
Donald says, "At least you've got demons for company."
You block Donald's attack. x2
Donald blocks your attack. You block Donald's attack.
Donald blocks your attack.
Donald hits you with a +4 vampiric broad axe!!
Donald blocks your attack. You block Donald's attack.
You slash Donald! You burn Donald.
Donald is lightly wounded.
Donald hits you but does no damage.
You barely miss Donald.
Donald is lightly wounded.
Donald hits you with a +4 vampiric broad axe!!
Donald draws strength from your wounds!
You slice Donald!! You burn Donald.
Donald is moderately wounded.
You block Donald's attack.
You slash Donald! You burn Donald.
Donald is severely wounded.
Donald hits you with a +4 vampiric broad axe!
Donald draws strength from your wounds!
You are too injured to fight recklessly!
You are too injured to fight recklessly!
You are too injured to fight recklessly!
You are too injured to fight recklessly!
You are too injured to fight recklessly!
You are too injured to fight recklessly!
You are too injured to fight recklessly!
You are too injured to fight recklessly!
You are too injured to fight recklessly!
You are too injured to fight recklessly!
You are too injured to fight recklessly!
You are too injured to fight recklessly!
You are too injured to fight recklessly!
You are too injured to fight recklessly!
You are too injured to fight recklessly!
You are too injured to fight recklessly!
You are too injured to fight recklessly!
You are too injured to fight recklessly!
You are too injured to fight recklessly!
You are too injured to fight recklessly!
You feel much better. You block Donald's attack.
You feel much better. You block Donald's attack.
A demon appears!
Donald hits you but does no damage.
Your magical essence is drained by the effort!
You feel much better. You block Donald's attack. Donald barely misses you.
Donald barely misses your smoke demon.
You hit Donald. You burn Donald.
Donald is severely wounded.
Donald hits you with a +4 vampiric broad axe!!
Donald draws strength from your wounds!
Donald hits your smoke demon with a +4 vampiric broad axe!!
Donald blocks your attack.
Donald is heavily wounded.
Your smoke demon gestures at Donald.
Donald is smitten.
Donald says, "Don't blow yourself up, now."
You block Donald's attack.
Donald hits your smoke demon with a +4 vampiric broad axe!
Your smoke demon dies!
You slash Donald! You burn Donald.
Donald is almost dead.
You are feeling hungry.
Donald says, "I hate suffering."
Donald barely misses you.
Your chain mail of Wariness prevents you from hitting Donald.
Donald is almost dead.
Donald says, "I'd like to genocide mosquitoes."
Donald hits you with a +4 vampiric broad axe!!!
Donald draws strength from your wounds!
You are too injured to fight recklessly!
You are too injured to fight recklessly!
You are too injured to fight recklessly!
You are too injured to fight recklessly!
You are too injured to fight recklessly!
You are too injured to fight recklessly!
You are too injured to fight recklessly!
A demon appears!
Donald hits you with a +4 vampiric broad axe!!
* * * LOW HITPOINT WARNING * * *
Donald draws strength from your wounds!
A demon appears!
Donald says, "What's that horrible smell?
It's like... yuck."
Donald hits you with a +4 vampiric broad axe!!
You die...

≈ ≈ ** * ,≈ ,
§≈.♣♣≈...≈...≈≈≈
*
*...≈≈.≈..!...≈♣
*♣....≈≈≈≈...≈♣
,, ≈
≈.≈≈.≈≈≈≈≈.=≈ *
,,, , * ,≈
♣.≈...≈≈≈..≈* ,
, ♣.≈≈..≈3..♣♣*
* , * ,
♣.≈≈..≈≈...♣♣ ≈≈
≈,, *
..≈≈...@<...♣ ≈
, .....♣3@..≈♣♣
, ,, , ...
♣$....≈♣* ,, , ,
≈≈ .≈
≈.≈≈≈≈$.≈.. ≈ ≈
, ≈(.≈≈≈≈≈.....
*, , , ≈
.$..≈≈≈≈...♣♣♣≈
, ,.....≈≈≈.≈♣♣
* , ≈§≈≈≈.≈≈≈≈.♣
** , ≈, ≈ * ≈


You could see Donald, a friendly smoke demon and a friendly ynoxinul.

Vanquished Creatures
  An orc warlord (Orc:2)
  A stone giant (Orc:2)
  Azrael (D:15)
  Erolcha (D:12)
  3 hydras
  A catoblepas (D:14)
  5 centaur warriors
  2 alligators (Swamp:1)
  6 two-headed ogres
  2 orc high priests (Orc:2)
  A fire crab (D:14)
  A skeletal warrior (D:14)
  2 unseen horrors
  4 sixfirhies (Gauntlet)
  6 ugly things (D:15)
  2 orc sorcerers
  A deep elf mage (D:14)
  4 orc knights
  2 manticores
  A moth of wrath (Gauntlet)
  6 cyclopes
  14 elephants
  A centaur zombie (D:12)
  Maurice (Orc:2)
  A black mamba (Lair:5)
  4 spiny frogs
  10 rime drakes
  Maggie (D:9)
  A kobold demonologist (D:12)
  3 freezing wraiths
  An ice devil (Gauntlet)
  5 komodo dragons
  5 yaktaurs (D:14)
  An efreet (D:14)
  3 meliai (D:14)
  9 trolls
  2 tengu conjurers
  2 hornets
  4 blink frogs (Lair:5)
  5 slime creatures
  A bog body (Swamp:1)
  10 hippogriffs
  A spriggan (Lair:2)
  52 yaks
  A meliai zombie (D:13)
  10 wyverns
  A water elemental (D:13)
  A wraith (D:14)
  6 basilisks
  3 fire elementals (D:15)
  6 vampire mosquitoes
  2 hungry ghosts
  9 wargs
  6 insubstantial wisps (Swamp:1)
  A naga (shapeshifter) (D:14)
  3 acid dragons
  2 swamp worms (Lair:4)
  36 orc warriors
  A hell hound (D:15)
  4 water moccasins
  3 ice beasts
  7 porcupines
  2 black bears (D:7)
  3 sky beasts
  A boggart (D:14)
  2 necrophages
  39 wolves
  14 ogres
  8 centaurs
  8 crocodiles
  9 big kobolds
  A big kobold (shapeshifter) (D:14)
  23 bullfrogs
  A wyvern zombie (D:14)
  3 gnoll sergeants (D:12)
  A wyvern skeleton (D:14)
  2 scorpions
  3 killer bees (D:13)
  7 howler monkeys
  9 crimson imps
  6 jellies
  A quasit (D:14)
  7 hounds
  4 centaur skeletons
  37 orc priests
  21 orc wizards
  2 bullfrog skeletons
  3 iguanas
  Natasha (D:2)
  11 worker ants
  A killer bee zombie (D:7)
  A hound zombie (D:6)
  A mummy (D:10)
  7 gnolls
  2 howler monkey skeletons
  16 adders
  A river rat (Lair:5)
  3 shadow imps
  4 white imps (Gauntlet)
  An adder zombie (D:7)
  3 adder skeletons
  2 worms (D:3)
  8 leopard geckos
  116 orcs
  7 bats
  10 giant cockroaches
  2 goblins
  3 hobgoblins
  3 jackals (D:6)
  11 kobolds
  A quokka (D:6)
  7 ball pythons
  7 frilled lizards
  5 rats
  A fungus (Lair:5)
744 creatures vanquished.

Vanquished Creatures (collateral kills)
  Jorgrun (D:12)
  A minotaur (Gauntlet)
  A dire elephant (D:15)
  8 hydras
  An orc sorcerer (Orc:2)
  3 elephants (Lair:3)
  A komodo dragon (Lair:3)
  A tengu conjurer (D:13)
  A merfolk (D:15)
  4 slime creatures
  A basilisk (Lair:3)
  A yak (D:12)
  4 orc warriors
  An ice beast (D:8)
  A sky beast (D:12)
  An ogre (D:12)
  A phantom (D:8)
  4 wolves (Lair:3)
  A crocodile (Lair:3)
  A bullfrog (D:12)
  A wyvern skeleton (D:12)
  A crimson imp (D:8)
  5 orc wizards
  A worker ant (D:12)
  10 orcs
  A fungus (Lair:4)
57 creatures vanquished.

Vanquished Creatures (others)
  An unseen horror (D:12)
  A boggart (D:14)
  9 fungi
  17 plants (Gauntlet)
28 creatures vanquished.

Grand Total: 829 creatures vanquished

Notes
Turn   | Place    | Note
-------+----------+-------------------------------------------
     0 | D:1      | EnegeticOcto the Deep Dwarf Fighter began the quest for the
                  | Orb.
     0 | D:1      | Reached XP level 1. HP: 20/20 MP: 1/1
   125 | D:1      | Reached XP level 2. HP: 27/27 MP: 2/2
   257 | D:2      | Found a snail-covered altar of Cheibriados.
   257 | D:2      | Found an ancient bone altar of Kikubaaqudgha.
   303 | D:2      | Noticed Natasha
   312 | D:2      | Killed Natasha
   312 | D:2      | Reached XP level 3. HP: 20/34 MP: 3/3
   381 | D:2      | Reached skill level 1 in Dodging
   430 | D:2      | Found an iron altar of Okawaru.
   493 | D:3      | Found a glowing silver altar of Zin.
   530 | D:3      | Reached XP level 4. HP: 33/42 MP: 4/4
   644 | D:3      | Found a shattered altar of Ashenzari.
   644 | D:3      | Found a white marble altar of Elyvilon.
   685 | D:3      | Found a hazy altar of Hepliaklqana.
   687 | D:3      | Found an opulent altar of Gozag.
   745 | D:3      | Noticed a +0 dagger
   745 | D:3      | Noticed a +0 dagger
   750 | D:3      | Found a hide-covered altar of Uskayaw.
  1083 | D:4      | Noticed an ogre
  1091 | D:4      | Killed an ogre
  1091 | D:4      | Reached XP level 5. HP: 20/50 MP: 5/5
  1454 | D:4      | Reached XP level 6. HP: 38/57 MP: 6/6
  1471 | D:4      | Found a staircase to the Ecumenical Temple.
  1488 | Temple   | Entered the Ecumenical Temple
  1527 | Temple   | Became a worshipper of Makhleb the Destroyer
  1721 | D:4      | Reached skill level 1 in Invocations
  1921 | D:5      | Entered Level 5 of the Dungeon
  2042 | D:5      | Reached skill level 2 in Invocations
  2273 | D:5      | Reached XP level 7. HP: 49/66 MP: 5/7
  2482 | D:6      | Reached skill level 3 in Invocations
  2491 | D:6      | Reached skill level 5 in Axes
  2706 | D:6      | Reached skill level 4 in Invocations
  2754 | D:6      | Reached * piety under Makhleb
  2761 | D:6      | Found a glowing drain.
  2775 | D:6      | Reached skill level 5 in Fighting
  2775 | D:6      | Reached XP level 8. HP: 34/74 MP: 9/9
  2794 | Sewer    | Entered a sewer
  3034 | Sewer    | Reached skill level 5 in Shields
  3107 | D:6      | Noticed Prince Ribbit
  3209 | D:6      | Reached skill level 5 in Armour
  3302 | D:6      | Reached skill level 5 in Invocations
  3355 | D:6      | Found a shimmering altar of Xom.
  3527 | D:7      | Reached ** piety under Makhleb
  3697 | D:7      | Found a stormy altar of Qazlal.
  3961 | D:8      | Reached skill level 6 in Invocations
  3966 | D:8      | Gained mutation: You passively map the area around you.
                  | [Deep Dwarf growth]
  3966 | D:8      | Reached XP level 9. HP: 77/82 MP: 8/8
  4057 | D:8      | Reached *** piety under Makhleb
  4085 | D:8      | Reached skill level 7 in Invocations
  4635 | D:9      | Found a staircase to the Lair.
  4657 | D:9      | Reached skill level 5 in Dodging
  4935 | D:9      | Noticed a troll
  4948 | D:9      | Killed a troll
  4975 | D:9      | Noticed a two-headed ogre
  4978 | D:9      | Found a glowing golden altar of the Shining One.
  5003 | D:9      | Killed a two-headed ogre
  5003 | D:9      | Reached skill level 8 in Invocations
  5003 | D:9      | Reached XP level 10. HP: 49/94 MP: 8/10
  5310 | D:9      | Noticed Maggie
  5330 | D:9      | Killed Maggie
  5414 | D:10     | Entered Level 10 of the Dungeon
  5722 | D:10     | Noticed a two-headed ogre
  5735 | D:10     | Killed a two-headed ogre
  5735 | D:10     | Reached skill level 9 in Invocations
  6133 | D:11     | Reached **** piety under Makhleb
  6172 | D:11     | Noticed a manticore
  6184 | D:11     | Killed a manticore
  6316 | D:11     | Found a gate leading to a gauntlet.
  6331 | Gauntlet | Entered a Gauntlet
  6331 | Gauntlet | Found a transporter.
  6341 | Gauntlet | Found a transporter.
  6343 | Gauntlet | Noticed a queen ant
  6356 | Gauntlet | Found a transporter.
  6361 | Gauntlet | Found a transporter.
  6375 | Gauntlet | Noticed a fire crab
  6376 | Gauntlet | Found a transporter.
  6395 | Gauntlet | Found a transporter.
  6395 | Gauntlet | Noticed a fire crab
  6404 | Gauntlet | Noticed a smoke demon
  6407 | Gauntlet | Found a transporter.
  6419 | Gauntlet | Found a transporter.
  6419 | Gauntlet | Noticed a ghost crab
  6425 | Gauntlet | Found a transporter.
  6437 | Gauntlet | Noticed an elephant
  6440 | Gauntlet | Found a transporter.
  6442 | Gauntlet | Noticed a dire elephant
  6448 | Gauntlet | Noticed a sixfirhy
  6448 | Gauntlet | Noticed a sixfirhy
  6448 | Gauntlet | Noticed a sixfirhy
  6449 | Gauntlet | Found a transporter.
  6456 | Gauntlet | Noticed a sixfirhy
  6471 | Gauntlet | Found a transporter.
  6486 | Gauntlet | Found a transporter.
  6488 | Gauntlet | Found a transporter.
  6515 | Gauntlet | Found a transporter.
  6518 | Gauntlet | Noticed a moth of wrath
  6535 | Gauntlet | Found a transporter.
  6615 | Gauntlet | Found a transporter.
  6732 | Gauntlet | Found a transporter.
  6758 | Gauntlet | Reached XP level 11. HP: 87/103 MP: 12/12
  6790 | Gauntlet | Got a transparent wooden ring
  6792 | Gauntlet | Identified the ring "Nurem" {*Drain Str+6 Stlth-} (You
                  | found it in a Gauntlet)
  6857 | Gauntlet | Reached skill level 10 in Invocations
  6977 | Gauntlet | Killed a sixfirhy
  7055 | Gauntlet | Killed a sixfirhy
  7055 | Gauntlet | Killed a sixfirhy
  7063 | Gauntlet | Killed a sixfirhy
  7138 | Gauntlet | Identified the +7 chain mail of Wariness {MR+}
  7138 | Gauntlet | Noticed a minotaur
  7162 | Gauntlet | Killed a minotaur
  7184 | Gauntlet | Got a twitching copper ring
  7191 | D:11     | Identified the ring "Naeluaca" {+Blink rC+ Stlth+} (You
                  | found it in a Gauntlet)
  7211 | D:11     | Reached skill level 10 in Axes
  7611 | D:11     | Identified a scroll of acquirement
  7645 | D:12     | Noticed a two-headed ogre
  7655 | D:12     | Killed a two-headed ogre
  7655 | D:12     | Reached skill level 11 in Invocations
  7691 | D:12     | Noticed Jorgrun
  7727 | D:12     | Killed Jorgrun
  7727 | D:12     | Reached XP level 12. HP: 76/114 MP: 10/10
  7961 | D:12     | Noticed Erolcha
  7964 | D:12     | Noticed a four-headed hydra
  7999 | D:12     | Killed a ten-headed hydra
  8013 | D:12     | Killed Erolcha
  8013 | D:12     | Reached skill level 12 in Invocations
  8689 | D:12     | Found a staircase to the Orcish Mines.
  8798 | D:13     | Noticed a centaur warrior
  8812 | D:13     | Killed a centaur warrior
  8812 | D:13     | Reached skill level 10 in Fighting
  8988 | D:13     | Noticed an eight-headed hydra
  8989 | D:13     | Noticed a two-headed ogre
  8990 | D:13     | Found a portal to a secret trove of treasure.
  9000 | D:13     | Killed a two-headed ogre
  9000 | D:13     | Reached ***** piety under Makhleb
  9012 | D:13     | Killed a 17-headed hydra
  9014 | D:13     | Got a bloodstained chain mail
  9394 | D:13     | Noticed a two-headed ogre
  9398 | D:13     | Killed a two-headed ogre
  9398 | D:13     | Reached XP level 13. HP: 107/123 MP: 12/12
  9669 | D:13     | Identified the cursed +1 chain mail "Plog" {SInv Stlth+}
                  | (You found it on level 13 of the Dungeon)
  9751 | D:14     | Reached skill level 13 in Invocations
  9876 | D:14     | Found a gate to the Vaults.
 10210 | D:14     | Identified the cursed +1 plate armour of Diuliq {MP+9
                  | Dex+4} (You found it on level 14 of the Dungeon)
 11070 | D:14     | Reached skill level 14 in Invocations
 11134 | D:15     | Entered Level 15 of the Dungeon
 11213 | D:15     | Found Hutykil's Demolitions Depot.
 11589 | D:15     | Reached ****** piety under Makhleb
 11595 | D:15     | Gained mutation: You resist negative energy. (rN+) [Deep
                  | Dwarf growth]
 11595 | D:15     | Reached XP level 14. HP: 135/135 MP: 14/14
 11888 | D:15     | Noticed Azrael
 11911 | D:15     | Killed Azrael
 11998 | D:15     | Found a staircase to the Depths.
 12251 | Lair:1   | Entered Level 1 of the Lair of Beasts
 12339 | Lair:1   | Reached skill level 10 in Shields
 12673 | Lair:2   | Reached skill level 10 in Armour
 13228 | Lair:2   | Found a dark tunnel.
 14492 | Lair:4   | Reached skill level 15 in Invocations
 14529 | Lair:4   | Found a staircase to the Swamp.
 14759 | Lair:4   | Found a hole to the Spider Nest.
 15446 | Lair:5   | Reached skill level 10 in Dodging
 15545 | Lair:5   | Reached XP level 15. HP: 144/144 MP: 11/11
 15988 | Orc:1    | Entered Level 1 of the Orcish Mines
 15988 | Orc:1    | Found a roughly hewn altar of Beogh.
 16416 | Orc:2    | Entered Level 2 of the Orcish Mines
 16462 | Orc:2    | Found a staircase to the Elven Halls.
 16465 | Orc:2    | Noticed Maurice
 16478 | Orc:2    | Killed Maurice
 16596 | Orc:2    | Found a roughly hewn altar of Beogh.
 16787 | Orc:2    | Found a roughly hewn altar of Beogh.
 16813 | Orc:2    | Found a roughly hewn altar of Beogh.
 16832 | Orc:2    | Found a roughly hewn altar of Beogh.
 16924 | Orc:2    | Found a roughly hewn altar of Beogh.
 16961 | Orc:2    | Found Iginemus's Magic Scroll Emporium.
 16966 | Orc:2    | Bought a scroll of brand weapon for 280 gold pieces
 16967 | Orc:2    | Bought a scroll of brand weapon for 280 gold pieces
 16967 | Orc:2    | Bought a scroll of teleportation for 42 gold pieces
 16967 | Orc:2    | Bought a scroll of fog for 28 gold pieces
 17115 | Orc:2    | Found a roughly hewn altar of Beogh.
 17129 | Orc:2    | Found Pito's Gadget Shop.
 17214 | Orc:2    | Found a roughly hewn altar of Beogh.
 17261 | Orc:2    | Noticed an orc warlord
 17284 | Orc:2    | Killed an orc warlord
 17306 | Orc:2    | Found Lucrat's Antique Armour Boutique.
 17315 | Orc:2    | Reached skill level 16 in Invocations
 17335 | Orc:2    | Found a roughly hewn altar of Beogh.
 17339 | Orc:2    | Found Qimn's Antique Weapon Shop.
 17365 | Orc:2    | Bought an ancient chain mail for 304 gold pieces
 17371 | Orc:2    | Identified the +1 chain mail "Biod" {rPois MR+ Int+3} (You
                  | bought it in a shop on level 2 of the Orcish Mines)
 17673 | Swamp:1  | Entered Level 1 of the Swamp
 17683 | Swamp:1  | Noticed Donald
 17713 | Swamp:1  | Mangled by Donald

Levels and vault maps discovered:
D:1:      dpeg_arrival_signposts, layout_rooms, kennysheep_boxes
D:2:      layout_basic, grunt_temple_overflow_open, okawaru_trees_2,
          nicolae_dithmenos_through_a_glass_darkly, uniq_natasha
D:3:      layout_basic, lemuel_coloured_pillars_altar, dancing_weapons_uskayaw,
          chequers_temple_overflow_statue_of_worship,
          gammafunk_temple_overflow_wave, first_ration
D:4:      layout_gridville, minmay_temple_entry_statues,
          chequers_serial_rivers_micro_c
D:5:      layout_basic, kennysheep_another_room
D:6:      layout_basic, tgw_xom, cheibrodos_sewer_entry_drain,
          uniq_prince_ribbit1
D:7:      layout_rooms, nicolae_qazlal_general_emergency
D:8:      layout_rooms
D:9:      layout_grid_maze, marbit_many_paths, erik_lair_orcish_takeover,
          serial_co_window_serial, co_window_of_opportunity_a,
          co_window_of_opportunity_a, co_window_corner_a, co_window_paths_b,
          co_window_corner_a, co_window_corner_b, co_window_corner_b,
          co_window_unsneaky_path_e, co_window_2corner, co_window_2corner,
          co_window_2corner, glass_columns_b, glass_columns_b, glass_columns_a,
          glass_columns_b, glass_columns_c, uniq_maggie
D:10:     layout_irregular_city, lemuel_mausoleum_altar_kikubaaqudgha
D:11:     layout_loops_cross, gauntlet_entry_generic
D:12:     layout_basic, kennysheep_orc_monster_closet_entryway, special_room
          [special_room_orc], uniq_jorgrun, uniq_erolcha
D:13:     layout_basic, enter_trove_1, blue_anna_alchemist
          [blue_anna_fruit_fields, blue_anna_fruit_fields], st_stairs_8
D:14:     minmay_bloctagon, layout_basic, hangedman_vaults_entry_quadrant_bands,
          special_room [special_room_orc], minmay_hollow_rounded_squares
D:15:     hangedman_depths_entry_try_elsewhere_first, layout_loops_corners,
          minmay_misc_feat_chi, nicolae_blasting_shop, uniq_azrael
Temple:   jpeg_temple_island
Lair:1:   layout_cave_pods, small_statue_intersection, grunt_megastairs_2,
          lemuel_fruit_tree, serial_bayou_shore_a
Lair:2:   layout_cave_pods, nicolae_volcano_entry_lava_flow,
          grunt_forest_large_clearings, infiniplex_staircase_pool_2
Lair:3:   layout_regular_city
Lair:4:   layout_concentric_octagons, palyth_hydra_swamp_entry,
          dummy_spider_entry
Lair:5:   layout_roguey, special_room [special_room_mythical_zoo], pond
Swamp:1:  layout_basic_swamp, evilmike_swamp_ruin_house_3, swamp_pool2,
          cheibrodos_swamp_slimy, uniq_donald
Orc:1:    layout_caves, basic_altar, guppyfry_library_mini
Orc:2:    grunt_orc_community_town_hall, layout_caves,
          grunt_orc_community_big_house_2, grunt_orc_community_big_house_2,
          grunt_orc_community_house_1, grunt_orc_community_house_1,
          grunt_orc_community_house_3, grunt_orc_community_house_2,
          grunt_orc_community_house_2, grunt_orc_community_house_1, uniq_maurice

Skill      XL: |  1  2  3  4  5  6  7  8  9 10 11 12 13 14 15 |
---------------+----------------------------------------------+-----
Fighting       | 3 4 5 7 8 9 10 11 12 | 12.5
Axes           | 3 4 5 6 8 9 10 11 12 13 14 | 14.3
Dodging        | 1 2 3 4 5 6 7 8 9 10 | 10.4
Shields        | 4 5 6 7 8 9 10 11 | 11.0
Armour         | 4 5 6 7 8 9 10 11 | 11.0
Invocations    | 2 4 6 8 9 11 12 14 15 16 | 16.1

Action                   |  1- 3 |  4- 6 |  7- 9 | 10-12 | 13-15 || total
-------------------------+-------+-------+-------+-------+-------++-------
Melee: War axe           |    96 |   159 |   367 |       |       ||   622
       Broad axe         |       |       |   127 |   766 |  1297 ||  2190
Invok: Lesser Servant of |       |       |       |    16 |    34 ||    50
 Abil: Heal Wounds       |     1 |    12 |    21 |    24 |    42 ||   100
Evoke: Wand              |       |       |       |     3 |       ||     3
       Lamp of fire      |       |       |       |     1 |       ||     1
  Use: Scroll            |       |     1 |    13 |    10 |    18 ||    42
 Stab: Distracted        |       |       |     1 |     2 |     1 ||     4
  Eat: Chunk             |       |     2 |    10 |     9 |    27 ||    48
       Ration            |       |     1 |       |     3 |       ||     4
Armor: Scale mail        |    45 |       |       |       |       ||    45
       Plate armour      |    16 |    83 |   421 |   180 |       ||   700
       Chain mail        |       |       |       |   351 |  1234 ||  1585
Dodge: Dodged            |    36 |    38 |   178 |   362 |   921 ||  1535
Block: Kite shield       |    63 |   114 |   400 |   570 |  1187 ||  2334

Table legend:
 A = Non-vault XP
 B = Vault XP
 C = Vault XP percentage of total XP
 D = Non-vault monster count
 E = Vault monster count
 F = Vault count percentage of total count
                 A         B        C        D         E       F
            +---------+---------+-------+---------+---------+-------
      Total |   76605 |   52071 |  40.5 |     476 |     324 |  40.5
            +---------+---------+-------+---------+---------+-------
        D:1 |      22 |       0 |   0.0 |      12 |       0 |   0.0
        D:2 |      22 |      35 |  61.4 |       7 |       1 |  12.5
        D:3 |      34 |       0 |   0.0 |      18 |       0 |   0.0
        D:4 |     513 |       0 |   0.0 |      15 |       0 |   0.0
        D:5 |     196 |       0 |   0.0 |       9 |       0 |   0.0
        D:6 |     945 |      78 |   7.6 |      21 |       7 |  25.0
        D:7 |     501 |       0 |   0.0 |      14 |       0 |   0.0
        D:8 |    1487 |       0 |   0.0 |      33 |       0 |   0.0
        D:9 |     831 |    1951 |  70.1 |      11 |      11 |  50.0
       D:10 |    1595 |     139 |   8.0 |      11 |       2 |  15.4
       D:11 |    4556 |       0 |   0.0 |      44 |       0 |   0.0
       D:12 |    8283 |    5342 |  39.2 |      41 |      46 |  52.9
       D:13 |    7081 |     400 |   5.3 |      35 |       3 |   7.9
       D:14 |    6367 |   13305 |  67.6 |      30 |      65 |  68.4
       D:15 |    6444 |    3676 |  36.3 |      16 |       8 |  33.3
     Lair:1 |    2029 |     105 |   4.9 |      11 |       1 |   8.3
     Lair:2 |    3105 |    3647 |  54.0 |      14 |      30 |  68.2
     Lair:3 |    8584 |       0 |   0.0 |      33 |       0 |   0.0
     Lair:4 |    3820 |    2097 |  35.4 |      10 |       6 |  37.5
     Lair:5 |    7959 |    7500 |  48.5 |      29 |      31 |  51.7
    Swamp:1 |    5363 |       0 |   0.0 |      12 |       0 |   0.0
      Orc:1 |    2174 |     834 |  27.7 |      20 |       9 |  31.0
      Orc:2 |    4694 |    7425 |  61.3 |      30 |      69 |  69.7
      Sewer |       0 |     213 | 100.0 |       0 |      18 | 100.0
   Gauntlet |       0 |    5324 | 100.0 |       0 |      17 | 100.0
            +---------+---------+-------+---------+---------+-------
